 Dungeon Crawl Stone Soup version 0.17.0 (webtiles) character file.

37 Eucla the Gusty (level 3, 0/20 HPs)
             Began as a Tengu Air Elementalist on Nov 15, 2015.
             Slain by Terence
             ... wielding a +0 flail
              (8 damage)
             ... on level 1 of the Dungeon.
             The game lasted 00:03:49 (1482 turns).

Eucla the Gusty (Tengu Air Elementalist)            Turns: 1482, Time: 00:03:49

Health: 0/20       AC:  2    Str:  8      XL:     3   Next: 41%
Magic:  6/7        EV: 12    Int: 18      God:
Gold:   27         SH:  0    Dex:  7 (10) Spells: 2 memorised, 4 levels left

rFire  . . .     SeeInvis .     h - +0 dagger
rCold  . . .     Clarity  .     a - +0 robe
rNeg   . . .     SustAt   .     (no shield)
rPois  .         Gourm    .     (helmet restricted)
rElec  .         Spirit   .     (no cloak)
rCorr  .         Warding  .     (no gloves)
rMut   .         Stasis   .     (boots unavailable)
MR     .....                    (no amulet)
Stlth  ++........               (no ring)
                                (no ring)

@: sluggish, very slow, not resistant to hostile enchantments, unstealthy
A: beak, talons 3, clever 1, clumsy 2
a: no special abilities


You were on level 1 of the Dungeon.
You were hungry.

You visited 1 branch of the dungeon, and saw 2 of its levels.

You collected 27 gold pieces.

Inventory:

Hand Weapons
 h - a +0 dagger (weapon)
Armour
 a - a +0 robe (worn)
Jewellery
 e - an uncursed ring of flight {unknown}
 g - an uncursed ring of flight {unknown}
 j - an uncursed ring of sustain attributes {unknown}
 m - an uncursed amulet of regeneration {unknown}
Scrolls
 i - a scroll of remove curse {unknown}
 k - a scroll of identify {unknown}
Potions
 d - a potion of mutation
Books
 b - a book of Air

   Spells                             Type                      Level
   a - Shock                          Conjuration/Air              1
   b - Swiftness                      Charms/Air                   2
   c - Repel Missiles                 Charms/Air                   2
   d - Static Discharge               Conjuration/Air              3
   e - Lightning Bolt                 Conjuration/Air              5
Comestibles
 c - 3 bread rations


   Skills:
 + Level 0.8 Fighting
 - Level 2.1 Dodging
 - Level 2.0 Stealth
 + Level 2.5 Spellcasting
 + Level 2.0 Conjurations
 + Level 4.7 Air Magic


You had 4 spell levels left.
You knew the following spells:

 Your Spells              Type           Power        Failure   Level  Hunger
a - Shock                 Conj/Air       ##..         4%          1    #......
b - Swiftness             Chrm/Air       ##......     12%         2    ##.....


Dungeon Overview and Level Annotations

Branches:
Dungeon (2/15)

Altars:

Annotations:
D:1 Terence


Innate Abilities, Weirdness & Mutations

You have a beak for a mouth.
You have claws for feet.
Your mind is acute. (Int +2)
You are very clumsy. (Dex -4)


Message History

Confirm with . or Enter, or press ? or * to list all spells.
You miscast Swiftness.
You are very lightly contaminated with residual magic.
Terence closely misses you.
Your magical contamination has completely faded away.
You see here 16 arrows.
Terence screams, "I want your blood!" Terence shouts, "Now you die!"
Casting: Swiftness
Confirm with . or Enter, or press ? or * to list all spells.
You feel quick. Terence misses you.
Terence says, "Don't bother to defend, it's pointless."
You start to feel a little slower.
You see here a club.
You feel sluggish.
You see here a whip.
You start to feel a little faster.
Terence shouts, "DIE!!!"
Terence hits you with a flail!
You die...

#..######..#†#############
#..# #....#)# #... #..#
#....#.# ########.## #..#
#....#.###..........
#..####.#......#.######.#.
##..........#.#.#.# #.#.
#...........#.#.#.######.#.
#########.###..............
#.@.#.#.#.######.#.
###@#.#.#......#.##
#g#.#.######.#...
#.#.#.#.......###
#.#.#.#.......'..
#.#.#.###.....###
######.#.#....)......#
#..@)..#.###########.#
##.#####.# #....


You could see Terence and a goblin.

Vanquished Creatures
  An ooze (D:1)
  2 giant cockroaches (D:1)
  A goblin (D:1)
  11 hobgoblins
  3 jackals (D:1)
  2 bats (D:1)
  3 giant newts (D:1)
  5 kobolds (D:1)
  2 rats (D:1)
30 creatures vanquished.

Notes
Turn   | Place    | Note
--------------------------------------------------------------
     0 | D:1      | Eucla the Tengu Air Elementalist began the quest for the Orb.
     0 | D:1      | Reached XP level 1. HP: 10/10 MP: 4/4
   351 | D:1      | Reached XP level 2. HP: 16/16 MP: 1/6
   407 | D:1      | Learned a level 2 spell: Swiftness
   780 | D:1      | Reached XP level 3. HP: 20/20 MP: 0/7
  1195 | D:2      | Noticed Terence
  1390 | D:1      | Gained mutation: You are clumsy. (Dex -2) [potion of mutation]
  1390 | D:1      | Gained mutation: You are very clumsy. (Dex -4) [potion of mutation]
  1390 | D:1      | Gained mutation: Your mind is acute. (Int +2) [potion of mutation]
  1482 | D:1      | Slain by Terence

Action                   || total
-------------------------++-------
Melee: Unarmed           ||    14
       Dagger            ||     3
 Cast: Shock             ||    63
       Swiftness         ||     2
  Use: Potion            ||     2
  Eat: Chunk             ||     2
